 Dungeon Crawl Stone Soup version 0.31-a0-667-g39726597b9 (webtiles) character file.

Game seed: 4896065763547209362

48 bowo the Changeling (level 3, -1/26 HPs)
             Began as a Demonspawn Shapeshifter on Sept 4, 2023.
             Slain by a frilled lizard (3 damage)
             ... on level 2 of the Dungeon.
             The game lasted 00:02:22 (1029 turns).

bowo the Changeling (Demonspawn Shapeshifter)       Turns: 1029, Time: 00:02:22

Health: -1/26      AC:  2    Str: 16    XL:     3   Next: 50%
Magic:  3/3        EV: 17    Int: 11    God:
Gold:   46         SH:  0    Dex: 12    Spells: 2/2 levels left

rFire   . .          .
                       - Unarmed
rCold   . . .        (no shield)
rNeg    . . .        a - +0 animal skin
rPois   .            (helmet currently unavailable)
rElec   .            (cloak currently unavailable)
rCorr   .            (gloves currently unavailable)
SInv    .            (boots currently unavailable)
Will    +....        (no amulet)
Stlth   +            i - ring of willpower
HPRegen 0.24/turn    (no ring)
MPRegen 0.08/turn

%: no passive effects
@: agile, beast-form
A: beast (slay +2), claws 1, powered by pain 1
a: Begin Untransformation


You were on level 2 of the Dungeon.
You were a hulking beast.
You visited 1 branch of the dungeon, and saw 2 of its levels.

You collected 46 gold pieces.

Inventory:

Armour
 a - a +0 animal skin (worn)
Jewellery
 i - a ring of willpower (left claw)
 m - a ring of positive energy
Talismans
 c - a beast talisman (active)
 d - a flux talisman
Scrolls
 h - a scroll of amnesia {unknown}
 j - a scroll of enchant armour {unknown}
 k - a scroll of vulnerability {unknown}
 l - a scroll of enchant weapon {unknown}
 o - a scroll of blinking {unknown}
 q - a scroll of identify {unknown}
Potions
 b - a potion of lignification
 e - a potion of attraction {unknown}
 f - a potion of resistance {unknown}
 g - a potion of berserk rage {unknown}
 n - 2 potions of haste {unknown}
 p - a potion of mutation {unknown}


   Skills:
 - Level 1.0 Fighting
 - Level 1.7 Dodging
 - Level 2.6 Unarmed Combat
 + Level 4.0 Shapeshifting


You had 2 spell levels left.
You didn't know any spells.
Your spell library was empty.

Dungeon Overview and Level Annotations

Branches:
Dungeon (2/15)

Altars:


Innate Abilities, Weirdness & Mutations

You are a hulking beast.
Your limbs bulge with bestial killing power. (Slay +2)
You have sharp fingernails.
You sometimes gain a little power by taking damage.


Message History

The orc barely misses you.
You claw the orc!
You kill the orc!
The frilled lizard completely misses you.
The orc completely misses you. The orc misses you.
Your Shapeshifting skill increases to level 4!
You barely miss the orc. The orc barely misses you.
The frilled lizard completely misses you.
The orc misses you. The orc barely misses you.
You scratch the orc.
The orc is heavily wounded.
The frilled lizard misses you. The orc misses you. The orc closely misses you.
You hear some strange, mumbled words.
A puff of flame appears from out of thin air!
The puff of flame misses you. The orc hits you with a +0 flail.
You scratch the orc but do no damage.
The orc is heavily wounded.
The frilled lizard closely misses you. The orc barely misses you.
The orc misses you. Something hits you. The orc completely misses you.
You are too injured to fight recklessly!
You are too injured to fight recklessly!
You are too injured to fight recklessly!
Unknown command.
You miss something. The orc completely misses you.
The frilled lizard misses you. Something hits you. The orc misses you.
The orc hits you but does no damage.
You miss something. The frilled lizard bites you. The orc misses you.
The orc hits you but does no damage. Something completely misses you.
The orc closely misses you.
You scratch something. The frilled lizard closely misses you.
The orc completely misses you. The orc closely misses you. Something hits you.
* * * LOW HITPOINT WARNING * * *
The orc hits you with a +0 flail.
* * * LOW HITPOINT WARNING * * *
You scratch something. The frilled lizard barely misses you.
The orc misses you. The orc barely misses you. Something hits you.
* * * LOW HITPOINT WARNING * * *
The orc closely misses you.
You scratch something. The frilled lizard bites you.
You die...

#........####.###
.......#........#.......
.8...8.#........#.#...#.
.......#........#>......
.......#........#.......
.......#........#.......
.8...8o#........#.......
.....ol#..##)#######.###
......oh..##...#####.#
##...#{o.....#..[....#
#.............#######
#####.##.....## #.
####.## #. #.# #. ..# ##
####


You could see an orc priest, 3 orcs and a frilled lizard.

Vanquished Creatures
  A worm (D:1)
  An orc (D:2)
  2 bats (D:1)
  8 endoplasms (D:1)
  4 giant cockroaches (D:1)
  4 goblins
  2 hobgoblins (D:1)
  5 jackals (D:1)
  A quokka (D:1)
  A ball python (D:1)
  A frilled lizard (D:1)
  2 kobolds (D:1)
  5 rats
37 creatures vanquished.

Notes
Turn   | Place    | Note
-------+----------+-------------------------------------------
     0 | D:1      | bowo the Demonspawn Shapeshifter began the quest for the
                  | Orb.
     0 | D:1      | Reached XP level 1. HP: 15/15 MP: 1/1
     1 | D:1      | Found a runed translucent door.
   177 | D:1      | Reached skill level 3 in Shapeshifting
   232 | D:1      | Gained mutation: You sometimes gain a little power by
                  | taking damage. [demonic ancestry]
   232 | D:1      | Reached XP level 2. HP: 19/21 MP: 2/2
   757 | D:1      | Gained mutation: You have sharp fingernails. [demonic
                  | ancestry]
   757 | D:1      | Reached XP level 3. HP: 16/26 MP: 3/3
  1022 | D:2      | Reached skill level 4 in Shapeshifting
  1029 | D:2      | Slain by a frilled lizard

Illustrated notes

Levels and vault maps discovered:
D:1:      dpeg_arrival_caged_fury, layout_loops_ring
D:2:      cheibrodos_pilgrimage, layout_loops_cross

Skill      XL: |  1  2  3 |
---------------+----------+-----
Shapeshifting  | 3 4 |  4.0
Fighting       | |  1.0
Dodging        | |  1.7
Unarmed Combat | |  2.6

Action                     || total
---------------------------++-------
  Melee: Unarmed           ||   113
         Punch             ||     1
   Stab: Sleeping          ||     1
 Armour: Animal skin       ||    60
  Dodge: Dodged            ||    88

Table legend: (Time is in decaauts)
 A = Elapsed time spent in this place.
 B = Non-inter-level travel time spent in this place.
 C = Inter-level travel time spent in this place.
 D = Time resting spent in this place.
 E = Time spent auto-exploring this place.
 F = Levels seen in this place.
 G = Mean time per level.
                   A        B        C        D        E       F      G
               +--------+--------+--------+--------+--------+-----+--------+
         Total |   1023 |    991 |     32 |    170 |    605 |   2 |  511.5 |
       Dungeon |   1023 |    991 |     32 |    170 |    605 |   2 |  511.5 |
               +--------+--------+--------+--------+--------+-----+--------+

Top non-repeatable levels by time:
     D:1: 949 daAuts
     D:2: 74 daAuts
